cohdb
Replays
Latest Replays
All Replays
Popular Replays
Top Player Replays
Match Explorer
How It Works
Community
CoH3 Stats
Reddit
Sign in to upload your games and track your stats! →
Sign in with Steam
Match 46495455
Unlisted
Match 46495455
Overview
Messages
Build Orders
End
Selects Italian Coastal Battlegroup
Selects Coastal Reserves
Coastal Reserve
Construct Infanterie Kompanie
MG 42 Machine Gun Team
Coastal Reserve
Coastal Reserve
Construct Panzergrenadier Kompanie
Selects Artillery Officer
Medical Bunker
Artillery Officer
Pak 40 Anti-tank Gun Team
Selects Support Bunkers
Selects Rapid Fortifications
Rapid Fortifications
Support Elements
Rapid Fortifications
Coastal Reserve
MG 42 Bunker
Coastal Reserve
Rapid Fortifications
Anti-tank Bunker
Anti-tank Bunker
Selects Bulwark
Coastal Reserve
Nebelwerfer 42 Rocket Launcher Team
Rapid Fortifications
Selects Coastal Wall
Coastal Reserve
mi prima de Cifuentes
Frecker
Shaft9987
干死日本鬼子
Bill D. Garrison
Contemptuous SUOMI DEFENDER '99
BERKSHIRE10
Alwaysapotato
0
0
Comments
sign in to comment!
No comments posted yet!